 Dungeon Crawl Stone Soup version 0.31.0-4-g52a2dc7128 (webtiles) character file.

Game seed: 16734243798702971523

8528 freelancePsychic the Slicer (level 11, -13/58 HPs)
             Began as a Vine Stalker Necromancer on Jan 22, 2024.
             Was a Priest of Uskayaw.
             Engulfed by an ice statue's freezing vapour (17 damage)
             ... in a Gauntlet.
             The game lasted 00:18:17 (10615 turns).

freelancePsychic the Slicer (VSNe)                 Turns: 10615, Time: 00:18:18

Health: -13/58     AC: 16    Str: 15    XL:     11   Next: 32%
Magic:  0/15       EV: 14    Int: 15    God:    Uskayaw [***...]
Gold:   340        SH:  6    Dex: 21    Spells: 13/14 levels left

rFire   . . .        b - +4 dagger (speed)
rCold   . . .        J - +0 buckler
rNeg    . . .        l - +4 scale mail
rPois   .            (no helmet)
rElec   .            k - +0 cloak
rCorr   .            (no gloves)
SInv    .            L - +0 pair of boots
Will    +....        z - amulet of magic regeneration
Stlth   ++           v - +6 ring of dexterity
HPRegen 1.09/turn    H - +4 ring of protection
MPRegen 0.54/turn

%: no teleportation, guardian spirit
@: studying Dodging
A: fangs 3, regeneration 1, magic shield, antimagic bite, no potion heal 2
a: Renounce Religion, Stomp, Line Pass


You were in a Gauntlet.
You worshipped Uskayaw.
Uskayaw was noncommittal.
You visited 2 branches of the dungeon, and saw 12 of its levels.
You also visited: Bailey and Gauntlet.

You collected 570 gold pieces.
You spent 230 gold pieces at shops.

Inventory:

Hand Weapons
 a - a +2 dagger of venom
 b - a +4 dagger of speed (weapon)
 y - a +0 sling
 B - a +3 dagger
Missiles
 m - 3 throwing nets
Armour
 i - a +0 ring mail
 k - a +0 cloak (worn)
 l - a +4 scale mail (worn)
 J - a +0 buckler (worn)
 K - +0 steam dragon scales
 L - a +0 pair of boots (worn)
Jewellery
 h - a ring of ice
 t - a +6 ring of intelligence
 v - a +6 ring of dexterity (left hand)
 z - an amulet of magic regeneration (around neck)
 H - a +4 ring of protection (right hand)
 I - a ring of see invisible
Wands
 p - a wand of flame (23)
 A - a wand of roots (9)
 D - a wand of light (4)
 N - a wand of mindburst (18)
Scrolls
 d - a scroll of vulnerability
 s - a scroll of torment
 u - 4 scrolls of teleportation {@r4}
 C - a scroll of enchant weapon
 E - 2 scrolls of poison
 F - 2 scrolls of amnesia
 M - a scroll of butterflies
 O - a scroll of blinking
Potions
 c - 2 potions of mutation {unknown}
 e - 2 potions of magic
 f - 4 potions of curing {@q1}
 g - a potion of haste {@q3}
 j - 4 potions of lignification {unknown}
 n - 2 potions of heal wounds {@q2}
 q - 2 potions of cancellation {unknown}
 r - 2 potions of degeneration {unknown}
 w - 3 potions of attraction {unknown}
 x - a potion of berserk rage {unknown}
 G - a potion of might {unknown}
 P - 2 potions of ambrosia {unknown}


   Skills:
 + Level 7.3 Fighting
 * Level 9.6 Short Blades
 - Level 2.9 Ranged Weapons
 + Level 9.2 Dodging
 - Level 4.4 Stealth
 - Level 3.3 Shields
 - Level 2.0 Unarmed Combat
 - Level 2.1 Spellcasting
 - Level 4.0 Necromancy
 + Level 4.7 Invocations


You had 13 spell levels left.
You knew the following spells:

 Your Spells              Type           Power      Damage    Failure   Level
a - Necrotise             Necr           52%        1d6       24%         1

Your spell library contained the following spells:

 Spells                   Type           Power      Damage    Failure   Level
 Vampiric Draining        Necr           13%        2d6       56%         3
 Freeze                   Ice            4%         1d3       77%         1
 Jinxbite                 Hex            2%         N/A       88%         2
 Animate Dead             Necr           13%        N/A       93%         4
 Frozen Ramparts          Ice            2%         1d1       98%         3
 Hailstorm                Conj/Ice       1%         3d5       98%         3
 Curse of Agony           Necr           13%        N/A       100%        5
 Iskenderun's Battlesphe  Conj           1%         2d6       100%        5
 Yara's Violent Unravell  Hex/Alch       0%         3d3       100%        5
 Bombard                  Conj/Erth      0%         9d1       100%        6
 Enfeeble                 Hex            0%         N/A       100%        7
 Spellforged Servitor     Conj/Summ      0%         N/A       100%        7


Dungeon Overview and Level Annotations

Branches:
Dungeon (11/15)            Temple (1/1) D:7            Lair (0/5) D:8
    Orc (0/2) D:9          Bailey (visited)         Gauntlet (1/1)

Altars:
Ashenzari
Cheibriados
Dithmenos
Elyvilon
Fedhas
Gozag
Hepliaklqana
Kikubaaqudgha
Makhleb
Nemelex Xobeh
Okawaru
Qazlal
Ru
Sif Muna
Trog
Uskayaw
Vehumet
Wu Jian
Xom
Yredelemnul
Zin
The Shining One

Shops:
D:1 (   D:6 ?

Annotations:
D:4 exclusion: door
D:5 1 runed translucent door, Crazy Yiuf, Edmund
D:10 exclusion: two-headed ogre
D:11 exclusion: two-headed ogre Gauntlet 11 transporters, 1 runed translucent door, exclusion: ice statue


Innate Abilities, Weirdness & Mutations

You have razor-sharp teeth.
Your natural rate of healing is unusually fast.
When hurt, damage is shared between your health and your magic reserves.
Your bite disrupts and absorbs the magic of your enemies.
Potions cannot restore your health.


Message History

The ice statue is lightly damaged.
You hit the ice statue but do no damage.
The ice statue is lightly damaged.
You hit the ice statue but do no damage.
You bite the ice statue.
The ice statue's magic leaks into the air.
You drain its magic.
The ice statue is lightly damaged.
You hit the ice statue.
The ice statue is lightly damaged.
The ice statue gestures at you. The bolt of cold hits you!
You hit the ice statue. You bite the ice statue.
The ice statue's magic leaks into the air.
You drain its magic.
You feel invigorated.
The ice statue is lightly damaged.
You hit the ice statue but do no damage.
You bite the ice statue, but do no damage.
The ice statue is lightly damaged.
You hit the ice statue but do no damage.
You bite the ice statue, but do no damage.
The ice statue is lightly damaged.
You hit the ice statue but do no damage.
The ice statue is lightly damaged.
You hit the ice statue but do no damage.
You bite the ice statue.
The ice statue's magic leaks into the air.
You drain its magic.
The ice statue is lightly damaged.
The ice statue gestures at you. The freezing blast engulfs you!!
You completely miss the ice statue.
The ice statue is lightly damaged.
You are engulfed in freezing vapours.
You are engulfed in freezing vapours.
* * * LOW HITPOINT WARNING * * *
The ice statue gestures.
Okay, then.
You are engulfed in freezing vapours.
You die...

..............###≈###≈###≈###≈###
⌠8..8∩8..8⌠8...#≈≈≈#≈≈≈#≈≈≈#≈≈≈#≈
.................................
#################################
8#Y98#8..#8©8#...#...#8©8##.#.#.#
.#[..8...#...#[#.#.#.#...#.#.#.#.
.#..8.8.8#...#☼#.#.#.#...##5#.#.#
©#©8.©.8##©.©#°##§##.#©.©#3#.#.#.
##..8.8.8#####Y#@#.#.######.#©#.#
.#(.98..9#...#§#○#.#.#...#5#.#.#.
.#.98#8.Y#.8.#8☼☼#...#.8.##.#.#.#
.#########...#########...########
.................................
≈≈≈#≈≈≈#≈≈≈#≈≈≈#≈≈≈#≈≈≈#≈≈≈#≈≈≈#≈
#≈###≈###≈###≈###≈###≈###≈###≈###
### ### ### ### ### ### ### ### #


You could see an ice beast (summoned).

Vanquished Creatures
  Maggie (D:7)
  A gargoyle (D:10)
  2 rime drakes (Gauntlet)
  A troll (D:7)
  A shadow (D:10)
  14 yaks
  A wraith (D:11)
  2 wyverns
  A warg (D:7)
  An acid dragon (D:9)
  4 water moccasins
  2 black bears
  3 orc warriors
  An ice beast (D:6)
  An ogre (D:4)
  A sky beast (D:7)
  2 wolves (D:7)
  A phantom (D:4)
  2 kobold brigands
  3 bullfrogs
  A scorpion (D:4)
  8 wights
  7 killer bees
  3 howler monkeys
  4 hounds
  A jelly (D:8)
  10 orc priests
  3 gnoll boudas
  Ijyb (D:5)
  5 iguanas
  20 orc wizards
  A sleepcap (D:7)
  11 gnolls
  11 adders
  3 shadow imps
  A white imp (D:8)
  4 dart slugs
  A ribbon worm (D:5)
  40 orcs
  4 bats
  5 endoplasms
  2 giant cockroaches
  10 goblins
  2 hobgoblins
  14 jackals
  4 quokkas
  7 ball pythons
  4 frilled lizards
  13 kobolds
  13 orc zombies (Bailey)
  5 rats
263 creatures vanquished.

Vanquished Creatures (others)
  A vampire (Bailey)
1 creature vanquished.

Grand Total: 264 creatures vanquished

Notes
Turn   | Place    | Note
-------+----------+-------------------------------------------
     0 | D:1      | freelancePsychic the Vine Stalker Necromancer began the
                  | quest for the Orb.
     0 | D:1      | Reached XP level 1. HP: 9/9 MP: 4/4
   189 | D:1      | Reached XP level 2. HP: 14/14 MP: 6/6
   306 | D:2      | Reached skill level 1 in Fighting
   306 | D:2      | Reached skill level 1 in Unarmed Combat
   306 | D:2      | Reached XP level 3. HP: 11/18 MP: 2/7
  1029 | D:2      | Reached XP level 4. HP: 19/22 MP: 3/8
  1426 | D:1      | Found a transporter.
  1426 | D:1      | Found Qegyawku's Antique Weapon Boutique.
  1467 | D:1      | Found a transporter.
  1914 | D:3      | Reached skill level 1 in Ranged Weapons
  2041 | D:3      | Reached XP level 5. HP: 26/26 MP: 9/9
  2441 | D:4      | Reached XP level 6. HP: 29/32 MP: 5/10
  2598 | D:4      | Noticed a black bear
  2719 | D:4      | Reached skill level 1 in Short Blades
  2992 | D:4      | Reached XP level 7. HP: 29/36 MP: 11/11
  3208 | D:5      | Entered Level 5 of the Dungeon
  3413 | D:5      | Noticed Edmund
  3494 | D:5      | Found a sparkling altar of Nemelex Xobeh.
  3518 | D:5      | Noticed Ijyb
  3527 | D:5      | Killed Ijyb
  3580 | D:5      | Found a runed translucent door.
  3581 | D:5      | Noticed Crazy Yiuf
  4114 | D:6      | Gained mutation: You have razor-sharp teeth. [Vine Stalker
                  | growth]
  4114 | D:6      | Reached XP level 8. HP: 42/42 MP: 12/12
  4728 | D:6      | Found The Oracle's Delphic Readings.
  4732 | D:6      | Bought a scroll of enchant weapon for 82 gold pieces
  4732 | D:6      | Bought a scroll of revelation for 82 gold pieces
  4732 | D:6      | Bought a scroll of poison for 44 gold pieces
  4732 | D:6      | Bought a scroll of identify for 22 gold pieces
  4959 | D:6      | HP: 1/37 [wight/+0 battleaxe (8)]
  5207 | D:6      | Reached skill level 5 in Dodging
  5344 | D:6      | Reached skill level 5 in Short Blades
  5672 | D:6      | Reached XP level 9. HP: 38/46 MP: 10/13
  5941 | D:6      | Reached skill level 5 in Fighting
  6282 | D:7      | Found a staircase to the Ecumenical Temple.
  6299 | Temple   | Entered the Ecumenical Temple
  6302 | Temple   | Became a worshipper of Uskayaw the Reveller
  6319 | D:7      | Noticed Maggie
  6325 | D:7      | Reached * piety under Uskayaw
  6328 | D:7      | Reached ** piety under Uskayaw
  6334 | D:7      | Reached *** piety under Uskayaw
  6335 | D:7      | Killed Maggie
  6336 | D:7      | Reached skill level 1 in Shields
  6411 | D:7      | Reached **** piety under Uskayaw
  6473 | D:7      | Noticed a troll
  6482 | D:7      | Killed a troll
  7485 | D:7      | Reached skill level 1 in Invocations
  7485 | D:7      | Reached XP level 10. HP: 26/53 MP: 14/14
  7517 | D:8      | Found a staircase to the Lair.
  7647 | D:8      | Reached ***** piety under Uskayaw
  8645 | D:9      | Found a flagged portal.
  8693 | Bailey   | Entered a bailey
  8844 | Bailey   | HP: 2/53 [something (6)]
  8855 | Bailey   | Noticed a gargoyle
  9312 | D:9      | Found a staircase to the Orcish Mines.
  9748 | D:10     | Entered Level 10 of the Dungeon
  9855 | D:10     | Found a bloodstained altar of Trog.
  9958 | D:10     | Found a glowing silver altar of Zin.
 10065 | D:10     | Found an ornate altar of the Wu Jian Council.
 10067 | D:10     | Found a stormy altar of Qazlal.
 10082 | D:10     | Noticed a two-headed ogre
 10167 | D:10     | Noticed a gargoyle
 10183 | D:10     | Killed a gargoyle
 10184 | D:10     | Reached XP level 11. HP: 46/58 MP: 15/15
 10192 | D:10     | Reached ****** piety under Uskayaw
 10415 | D:11     | Noticed a two-headed ogre
 10427 | D:11     | Found a gate leading to a gauntlet.
 10440 | Gauntlet | Entered a Gauntlet
 10440 | Gauntlet | Noticed a soul eater
 10440 | Gauntlet | Found a transporter.
 10450 | Gauntlet | Found a transporter.
 10452 | Gauntlet | Found a transporter.
 10453 | Gauntlet | Found a transporter.
 10461 | Gauntlet | Found a transporter.
 10464 | Gauntlet | Found a transporter.
 10465 | Gauntlet | Found a transporter.
 10474 | Gauntlet | Noticed a catoblepas
 10475 | Gauntlet | Found a transporter.
 10477 | Gauntlet | Found a transporter.
 10478 | Gauntlet | Found a transporter.
 10490 | Gauntlet | Found a transporter.
 10491 | Gauntlet | Found a transporter.
 10492 | Gauntlet | Found a transporter.
 10493 | Gauntlet | Noticed a glowing orange brain
 10495 | Gauntlet | Noticed a cyan ugly thing
 10498 | Gauntlet | Found a runed translucent door.
 10499 | Gauntlet | Noticed a purple ugly thing
 10501 | Gauntlet | Found a transporter.
 10615 | Gauntlet | Engulfed by an ice statue's freezing vapour

Illustrated notes

Levels and vault maps discovered:
D:1:      dpeg_arrival_rooms_a, layout_rooms, serial_shops,
          nicolae_shop_drivethru
D:2:      layout_basic
D:3:      layout_basic, st_stairs_1
D:4:      layout_gridville, kennysheep_opposing_triangles
D:5:      layout_basic, nemelex_altar_shiori, minivault_4, uniq_edmund,
          uniq_ijyb, uniq_crazy_yiuf_cottage
D:6:      layout_basic, roderic_lattice_a, nicolae_nh_oracle_at_delphi
D:7:      layout_loops_corners, minmay_temple_entry_purple_smoke,
          lightli_orcish_oven, uniq_maggie
D:8:      layout_basic, erik_lair_orcish_takeover, dreamdust_princess_bridge,
          billiards_dpeg
D:9:      layout_basic, orc_0_dummy, enter_bailey_4, evilmike_minifort
D:10:     layout_roguey, nicolae_overflow_hidden_temple, zin_statuary,
          bloody_trog
D:11:     layout_layer_cave, serial_shops, shop_fountains,
          gauntlet_entry_generic, special_room [special_room_bee]
Temple:   sentei_temple_godly_chess
Gauntlet: gammafunk_gauntlet_77_escape_option
          [minmay_gauntlet_arena_77_checkered,
          minmay_gauntlet_arena_77_two_paths,
          minmay_gauntlet_arena_77_terracotta_army,
          minmay_gauntlet_arena_77_p_blocks, minmay_gauntlet_arena_77_path,
          gauntlet_exit_green]

Skill      XL: |  1  2  3  4  5  6  7  8  9 10 11 |
---------------+----------------------------------+-----
Stealth        | 3 4 |  4.4
Fighting       | 1 2 3 4 5 7 |  7.3
Unarmed Combat | 1 2 |  2.0
Ranged Weapons | 1 2 |  2.9
Dodging        | 2 4 5 7 8 9 |  9.2
Short Blades   | 1 3 5 7 9 |  9.6
Shields        | 3 |  3.3
Invocations    | 1 4 |  4.7
Spellcasting   | |  2.1
Necromancy     | |  4.0

Action                     |  1- 3 |  4- 6 |  7- 9 | 10-12 || total
---------------------------+-------+-------+-------+-------++-------
  Melee: Unarmed           |   108 |    44 |       |       ||   152
         Bite              |    31 |    28 |   163 |   163 ||   385
         Punch             |     2 |     4 |    10 |       ||    16
         Dagger            |       |    65 |   476 |   419 ||   960
   Fire: Sling             |       |   218 |     8 |       ||   226
   Cast: Necrotise         |    17 |     7 |    10 |       ||    34
 Invoke: Stomp             |       |       |       |     2 ||     2
  Evoke: Wand              |       |       |     1 |     5 ||     6
    Use: Scroll            |       |     4 |     6 |     6 ||    16
   Stab: Sleeping          |     2 |       |     4 |     2 ||     8
         Paralysed         |       |       |     7 |    16 ||    23
         Distracted        |       |       |     1 |       ||     1
 Armour: Robe              |    77 |       |       |       ||    77
         Ring mail         |       |   236 |   120 |       ||   356
         Steam dragon scal |       |       |    48 |     8 ||    56
         Scale mail        |       |       |       |   135 ||   135
  Dodge: Dodged            |   108 |   194 |   174 |   119 ||   595
  Block: Buckler           |       |       |    32 |    52 ||    84
